 Dungeon Crawl Stone Soup version 0.26.0-20-g3ca415f5b8 (webtiles) character file.

Game seed: 2064126271601854234

66094 RedRedRas the Severer (level 14, -3/132 HPs)
             Began as a Deep Dwarf Fighter on Jan 24, 2021.
             Was the Champion of Makhleb.
             Slain by an ettin
             ... wielding a +0 dire flail
              (19 damage)
             ... on level 15 of the Dungeon.
             The game lasted 00:26:43 (12599 turns).

RedRedRas the Severer (Deep Dwarf Fighter)         Turns: 12599, Time: 00:26:44

Health: -3/132     AC: 31    Str: 26    XL:     14   Next: 77%
Magic:  9/9        EV: 22    Int: 11    God:    Makhleb [******]
Gold:   1770       SH: 14    Dex: 12    Spells: 13/13 levels left

rFire    + . .     SeeInvis .   a - +2 war axe (flame)
rCold    + . .     Faith    .   c - +1 kite shield
rNeg     + . .     Spirit   .   o - +6 plate armour {rF+}
rPois    +         Reflect  .   D - +0 helmet {Int+3}
rElec    .         Harm     .   v - +2 cloak
rCorr    .         Rampage  .   h - +2 pair of gloves
Will     ++...                  m - +0 pair of boots
Stlth    ..........             g - amulet of the acrobat
HPRegen  0.00/turn              b - ring of protection from cold
MPRegen  0.11/turn              e - ring of poison resistance

@: acrobat, non-regenerating
A: damage resistance, heal wounds, negative energy resistance 1, sense
surroundings 2, no regeneration
a: Heal Wounds, Renounce Religion, Minor Destruction, Lesser Servant of Makhleb,
Major Destruction, Greater Servant of Makhleb


You were on level 15 of the Dungeon.
You worshipped Makhleb.
Makhleb was exalted by your worship.
You visited 3 branches of the dungeon, and saw 20 of its levels.
You also visited: Ice Cave.

You collected 1866 gold pieces.
You spent 96 gold pieces at shops.

Inventory:

Hand Weapons
 a - a +2 war axe of flaming (weapon)
 N - a +4 war axe
Missiles
 d - 17 curare-tipped darts
 S - a throwing net
Armour
 c - a +1 kite shield (worn)
 h - a +2 pair of gloves (worn)
 m - a +0 pair of boots (worn)
 o - a +6 plate armour of fire resistance (worn)
 v - a +2 cloak (worn)
 D - a +0 helmet of intelligence (worn)
 U - +0 fire dragon scales
Jewellery
 b - a ring of protection from cold (left hand)
 e - a ring of poison resistance (right hand)
 g - an amulet of the acrobat (around neck)
 l - an uncursed ring of fire {unknown}
 t - an uncursed ring of positive energy
 C - an uncursed ring of positive energy
 L - an uncursed ring of flight
 M - an uncursed ring of stealth
 Q - a +6 ring of intelligence
 T - a cursed ring of attention {unknown}
Wands
 r - a wand of flame (60)
 w - a wand of iceblast (6)
 y - a wand of disintegration (38)
 F - a wand of acid (1)
 G - a wand of digging (6)
 I - a wand of random effects (23)
Scrolls
 n - 5 scrolls of identify
 p - 2 scrolls of blinking
 q - 13 scrolls of teleportation
 s - 6 scrolls of remove curse
 u - 2 scrolls of fear
 B - 5 scrolls of magic mapping
 H - 4 scrolls of amnesia
 O - a scroll of enchant weapon
Potions
 f - 3 potions of magic
 j - 3 potions of flight
 k - a potion of haste
 x - 7 potions of attraction
 z - 2 potions of brilliance
 A - 3 potions of lignification {unknown}
 E - 6 potions of ambrosia
 J - 2 potions of curing
 K - 2 potions of heal wounds
 R - a potion of berserk rage


   Skills:
 + Level 10.0 Fighting
 * Level 15.5 Axes
 + Level 11.8 Armour
 + Level 11.9 Shields
 + Level 11.7 Invocations
 + Level 11.9 Evocations


You had 13 spell levels left.
You didn't know any spells.
Your spell library contained the following spells:

 Spells                   Type           Power        Failure   Level
 Animate Skeleton         Necr           0%           99%         1
 Apportation              Tloc           0%           99%         1
 Beastly Appendage        Tmut           0%           99%         1
 Corona                   Hex            0%           99%         1
 Sandblast                Erth           0%           99%         1
 Summon Small Mammal      Summ           0%           99%         1
 Passwall                 Tmut/Erth      0%           100%        2
 Wereblood                Tmut           0%           100%        2
 Spider Form              Tmut/Pois      0%           100%        3
 Stone Arrow              Conj/Erth      0%           100%        3
 Ice Form                 Ice/Tmut       0%           100%        4
 Petrify                  Tmut/Erth      0%           100%        4
 Blade Hands              Tmut           0%           100%        5
 Bolt of Magma            Conj/Fire/Erth 0%           100%        5
 Iskenderun's Battlesphe  Conj           0%           100%        5
 Lee's Rapid Deconstruct  Erth           0%           100%        5
 Iron Shot                Conj/Erth      0%           100%        6
 Orb of Destruction       Conj           0%           100%        7
 Spellforged Servitor     Conj/Summ      0%           100%        7


Dungeon Overview and Level Annotations

Branches:
Dungeon (15/15)            Temple (1/1) D:5            Lair (4/6) D:10
  Swamp (0/4) Lair:3        Snake (0/4) Lair:4          Orc (0/2) D:10
 Vaults (0/5) D:13          IceCv (visited)
 Depths: D:15

Altars:
Ashenzari
Cheibriados
Dithmenos
Elyvilon
Fedhas
Gozag
Hepliaklqana
Kikubaaqudgha
Makhleb
Nemelex Xobeh
Ru
Sif Muna
Trog
Vehumet
Wu Jian
Xom
Yredelemnul
Zin
The Shining One
Beogh

Shops:
D:4 !


Innate Abilities, Weirdness & Mutations

You are resistant to damage.
You can heal yourself by infusing magical energy.
You resist negative energy. (rN+)
You passively map the area around you.
You do not regenerate.


Message History

* * * LOW HITPOINT WARNING * * *
The ettin hits you with a +0 dire flail!
* * * LOW HITPOINT WARNING * * *
You block the ettin's attack. You block the centaur warrior's attack.
You slash the two-headed ogre! You burn the two-headed ogre.
The two-headed ogre is heavily wounded.
You slice the ettin!! You burn the ettin. You slash the centaur warrior!
You burn the centaur warrior.
The ettin hits you with a +0 dire flail!
* * * LOW HITPOINT WARNING * * *
You block the ettin's attack.
The two-headed ogre hits you but does no damage. x2
You block the centaur warrior's attack.
You slash the two-headed ogre! You burn the two-headed ogre.
The two-headed ogre is severely wounded.
You hit the ettin but do no damage. You closely miss the centaur warrior.
The centaur warrior hits you.
* * * LOW HITPOINT WARNING * * *
The ettin hits you with a +0 dire flail!!
You die...

..#......####....##
#.......###.#
.####...## ##...#
#..##...## #.. ##
#...# #....##..#
##.## ##. # #...#
##.###...# #.# #. #
#...####.## ##.##
#.# ## ##
##.......# ##.# #.#
.####.#####.)## *.#
#.# , ......#
##..#####.## #.#
.####.# #..((@.cy.#
*#.. , * .# ..#
*#..###.CO..# ...,
, ** .#* ... #...#
###....... , * ,
.....#..#..#..
#.##... , *
....#*#....#.. .#*
.. , #...# ##..###.
, .# . * ....# #..#
,, ,#*, .. , *, , *
, ,, , , * ,


You could see an ettin, a centaur warrior, a two-headed ogre and a vampire
mosquito.

Vanquished Creatures
  Frances (D:12)
  Snorg (D:12)
  A fire dragon (D:14)
  Erolcha (D:10)
  2 boulder beetles
  2 ice dragons (IceCv)
  3 hydras
  4 two-headed ogres
  2 centaur warriors (D:15)
  2 dancing weapons (D:13)
  A death knight (D:15)
  An ogre mage (D:14)
  Sonja (D:10)
  Nergalle (D:10)
  5 skeletal warriors (D:15)
  3 unseen horrors
  2 bog bodies (Lair:3)
  A wizard (D:15)
  2 lindwurms (Lair:3)
  2 phantasmal warriors (D:15)
  A wolf spider zombie (D:15)
  3 cyclopes
  An oklob plant (D:10)
  An orc knight (D:15)
  2 deep elf magi (D:14)
  10 ugly things
  A manticore (D:13)
  Joseph (Lair:1)
  5 black mambas
  2 ice statues (IceCv)
  A centaur zombie (D:15)
  9 cane toads
  2 rime drakes
  3 centaur skeletons
  Maggie (D:10)
  A freezing wraith (D:15)
  3 komodo dragons
  3 trolls
  A queen bee (D:10)
  2 polar bears (Lair:4)
  4 hornets (Lair:3)
  A jumping spider (shapeshifter) (D:14)
  10 slime creatures
  15 blink frogs
  A shadow (D:10)
  Sigmund (D:7)
  A wyvern (Lair:2)
  21 yaks
  A fire bat (shapeshifter) (D:14)
  3 basilisks
  3 chaos spawn (D:10)
  2 swamp worms (Lair:3)
  2 nagas (Lair:4)
  16 water moccasins
  An acid dragon (D:14)
  Duvessa (D:4)
  A sky beast (D:14)
  16 ice beasts
  16 orc warriors
  2 black bears
  3 phantoms
  An eye of draining (D:10)
  A necrophage (D:13)
  5 ogres
  A tengu (shapeshifter) (D:15)
  16 centaurs
  10 wolves
  4 big kobolds
  19 bullfrogs
  2 scorpions
  Dowan (D:4)
  36 killer bees
  14 wights
  2 electric eels
  7 howler monkeys
  2 bullfrog zombies (D:11)
  15 orc priests
  4 hounds
  3 jellies
  2 bullfrog skeletons
  4 iguanas
  8 orc wizards
  6 worker ants
  6 gnolls
  15 adders
  3 shadow imps
  15 white imps
  An ufetubus (D:8)
  2 adder skeletons
  2 worms (D:2)
  A dart slug (D:1)
  6 leopard geckos
  45 orcs
  2 bats (D:1)
  4 giant cockroaches
  14 hobgoblins
  6 jackals
  46 kobolds
  4 quokkas
  2 ball pythons
  3 frilled lizards
  5 goblins
  A jackal skeleton (D:4)
  A quokka skeleton (D:5)
  A quokka zombie (D:6)
  4 rats
564 creatures vanquished.

Vanquished Creatures (collateral kills)
  A catoblepas (Lair:3)
  A bog body (Lair:3)
  A black mamba (Lair:1)
  A komodo dragon (Lair:3)
  A basilisk (Lair:3)
  A swamp worm (Lair:3)
  4 wolves (Lair:3)
  A bullfrog (Lair:3)
11 creatures vanquished.

Vanquished Creatures (others)
  A rime drake (IceCv)
  5 fungi
  60 plants
66 creatures vanquished.

Grand Total: 641 creatures vanquished

Notes
Turn   | Place    | Note
-------+----------+-------------------------------------------
     0 | D:1      | RedRedRas the Deep Dwarf Fighter began the quest for the
                  | Orb.
     0 | D:1      | Reached XP level 1. HP: 20/20 MP: 1/1
   124 | D:1      | Reached XP level 2. HP: 24/27 MP: 2/2
   297 | D:2      | Reached skill level 3 in Axes
   320 | D:2      | Reached XP level 3. HP: 23/33 MP: 3/3
   450 | D:3      | Reached XP level 4. HP: 42/42 MP: 4/4
   482 | D:3      | Reached skill level 4 in Axes
   482 | D:3      | Reached XP level 5. HP: 22/49 MP: 5/5
   534 | D:3      | Found a basalt altar of Yredelemnul.
   535 | D:3      | Found a glowing golden altar of the Shining One.
   540 | D:3      | Found a glowing silver altar of Zin.
   544 | D:3      | Found a blossoming altar of Fedhas.
   544 | D:3      | Found a white marble altar of Elyvilon.
   546 | D:3      | Found a hazy altar of Hepliaklqana.
   548 | D:3      | Found a shimmering blue altar of Sif Muna.
   549 | D:3      | Found an ancient bone altar of Kikubaaqudgha.
   773 | D:4      | Found a broken altar of Ashenzari.
   831 | D:4      | Found Duleha's Distillery.
   834 | D:4      | Bought a potion of heal wounds for 60 gold pieces
   913 | D:4      | Reached XP level 6. HP: 40/56 MP: 6/6
   935 | D:4      | Bought a potion of curing for 36 gold pieces
   962 | D:4      | Noticed Duvessa
   965 | D:4      | Noticed Dowan
   981 | D:4      | Killed Duvessa
   982 | D:4      | Reached skill level 5 in Axes
   985 | D:4      | Killed Dowan
  1189 | D:4      | Reached skill level 5 in Shields
  1189 | D:4      | Reached XP level 7. HP: 39/64 MP: 6/6
  1297 | D:4      | Reached skill level 5 in Armour
  1304 | D:4      | Reached skill level 6 in Axes
  1781 | D:5      | Entered Level 5 of the Dungeon
  1781 | D:5      | Found a staircase to the Ecumenical Temple.
  1788 | Temple   | Entered the Ecumenical Temple
  1816 | Temple   | Became a worshipper of Makhleb the Destroyer
  1884 | D:5      | Reached XP level 8. HP: 56/73 MP: 5/5
  1888 | D:5      | Reached skill level 7 in Axes
  2077 | D:5      | Found a sacrificial altar of Ru.
  2264 | D:5      | Reached skill level 5 in Fighting
  2374 | D:6      | Reached * piety under Makhleb
  2434 | D:6      | Reached skill level 8 in Axes
  2908 | D:7      | Reached skill level 1 in Evocations
  2908 | D:7      | Gained mutation: You passively map the area around you.
                  | [Deep Dwarf growth]
  2908 | D:7      | Reached XP level 9. HP: 49/81 MP: 5/5
  2940 | D:7      | Found a sparkling altar of Nemelex Xobeh.
  3162 | D:7      | Reached skill level 1 in Invocations
  3350 | D:7      | Reached ** piety under Makhleb
  3444 | D:7      | Noticed Sigmund
  3478 | D:7      | Killed Sigmund
  3629 | D:8      | Reached skill level 9 in Axes
  4124 | D:9      | You fall into a shaft and drop 2 floors!
  4131 | D:11     | Noticed a boulder beetle
  4142 | D:10     | Entered Level 10 of the Dungeon
  4167 | D:10     | Noticed a cyclops
  4183 | D:10     | Killed a cyclops
  4324 | D:10     | Noticed Erolcha
  4333 | D:10     | HP: 1/82 [Erolcha/bolt of cold (12)]
  4335 | D:10     | Killed Erolcha
  4336 | D:10     | Reached XP level 10. HP: 16/91 MP: 7/7
  4358 | D:10     | Noticed Nergalle
  4378 | D:10     | Killed Nergalle
  4379 | D:10     | Reached skill level 10 in Axes
  4421 | D:10     | Reached skill level 5 in Evocations
  4478 | D:10     | Found a staircase to the Orcish Mines.
  4501 | D:10     | Reached skill level 5 in Invocations
  4508 | D:10     | Found a staircase to the Lair.
  4513 | D:10     | Noticed an oklob plant
  4520 | D:10     | HP: 1/92 [acid (9)]
  4574 | D:10     | Killed an oklob plant
  4667 | D:10     | Reached *** piety under Makhleb
  4783 | D:10     | Reached XP level 11. HP: 64/99 MP: 8/8
  4800 | D:10     | Found the +7 mace of Variability {chain chaos}
  4801 | D:10     | Found a shimmering altar of Xom.
  4812 | D:10     | Reached skill level 11 in Axes
  4853 | D:10     | Noticed a white ugly thing
  4860 | D:10     | Killed a white ugly thing
  4875 | D:10     | Noticed Maggie
  4895 | D:10     | Killed Maggie
  5002 | D:10     | Noticed Sonja
  5057 | D:10     | Killed Sonja
  5282 | Lair:1   | Entered Level 1 of the Lair of Beasts
  5370 | Lair:1   | Noticed Joseph
  5381 | Lair:1   | Killed Joseph
  6422 | Lair:2   | Noticed a six-headed hydra
  6473 | Lair:2   | Reached **** piety under Makhleb
  6541 | Lair:3   | Reached skill level 12 in Axes
  6591 | Lair:3   | Noticed a catoblepas
  6603 | Lair:3   | Killed a catoblepas
  6716 | Lair:3   | Noticed a bog body
  6722 | Lair:3   | Killed a bog body
  6723 | Lair:3   | Reached XP level 12. HP: 55/110 MP: 7/7
  7195 | Lair:3   | Reached skill level 10 in Shields
  7533 | Lair:3   | Reached skill level 13 in Axes
  7533 | Lair:3   | Reached skill level 10 in Armour
  7534 | Lair:3   | Reached ***** piety under Makhleb
  7535 | Lair:3   | Found a staircase to the Swamp.
  7604 | Lair:4   | Noticed a seven-headed hydra
  7613 | Lair:4   | Killed a one-headed hydra
  7666 | Lair:4   | Found a frozen archway.
  7711 | IceCv    | Entered an ice cave
  7893 | IceCv    | Reached XP level 13. HP: 82/118 MP: 8/8
  8456 | Lair:4   | Found a staircase to the Snake Pit.
  8564 | Lair:4   | Reached skill level 10 in Evocations
  8871 | Lair:4   | Reached ****** piety under Makhleb
  8902 | Lair:4   | Found the +8 whip "Snakebite" {curare, rPois}
  9139 | Lair:2   | Reached skill level 10 in Invocations
  9247 | D:11     | Reached skill level 14 in Axes
  9888 | D:12     | Noticed Snorg
  9896 | D:12     | Killed Snorg
 10001 | D:12     | Found a roughly hewn altar of Beogh.
 10314 | D:13     | Noticed Frances
 10354 | D:12     | Killed Frances
 10679 | D:13     | Found a gate to the Vaults.
 10693 | D:13     | Gained mutation: You resist negative energy. (rN+) [Deep
                  | Dwarf growth]
 10693 | D:13     | Reached XP level 14. HP: 101/129 MP: 8/10
 11026 | D:14     | Found a shadowy altar of Dithmenos.
 11970 | D:15     | Entered Level 15 of the Dungeon
 11980 | D:15     | Reached skill level 15 in Axes
 12324 | D:15     | Reached skill level 10 in Fighting
 12599 | D:15     | Slain by an ettin

Illustrated notes

Levels and vault maps discovered:
D:1:      wander_arrival_desolate, layout_basic
D:2:      layout_rooms
D:3:      layout_loops_cross, minitemple, led_sif_book
D:4:      minmay_goblin_kobold_castle, layout_gridville,
          cheibrodos_ashenzari_chains, serial_shops, nicolae_shop_behind_doors,
          uniq_duvessa
D:5:      layout_rooms, kennysheep_little_box, minmay_temple_entry_mist,
          grunt_ministairs_3
D:6:      layout_basic
D:7:      layout_loops_ring, nemelex_xobeh_ov_fountains_minmay, sigmund_army
D:8:      layout_cave_pools
D:9:      layout_basic, lemuel_doored_altar, nicolae_overflow_crystal_walls,
          uniq_harold
D:10:     layout_roguey [special_room_bee], dpeg_oklobed_lair, orc_0_dummy,
          minmay_guarded_unrand_variability, uniq_nergalle, uniq_sonja,
          uniq_erolcha, uniq_maggie
D:11:     layout_rooms
D:12:     layout_roguey, special_room [special_room_orc], uniq_snorg
D:13:     layout_rooms, erik_vaults_1, uniq_frances
D:14:     layout_basic, grunt_dithmenos_smoke_and_mirrors, dk_noncrumbling_4
D:15:     hangedman_depths_entry_civil_slaughter, layout_layer_cave,
          lemuel_statue_altar, minmay_misc_feat_iff
Temple:   compressed_dpeg_triangle_lava_temple
Lair:1:   layout_regular_city, uniq_joseph
Lair:2:   layout_chaotic_city, st_stairs_9, beast_lair_carwin_9,
          grunt_megastairs_4
Lair:3:   cheibrodos_lair_overgrown_chateau, layout_chaotic_city,
          nicolae_swamp_entry_splash_gauntlet
Lair:4:   minmay_guarded_unrand_snakebite, layout_long_grid,
          guppyfry_snake_entry_garden, portal_ice_cave_entry_imps,
          serial_bayou_shore_a, grunt_megastairs_2

Skill      XL: |  1  2  3  4  5  6  7  8  9 10 11 12 13 14 |
---------------+-------------------------------------------+-----
Axes           | 3 4 5 6 8 9 10 12 13 14 15 | 15.5
Fighting       | 3 4 5 6 7 8 9 10 | 10.0
Armour         | 4 5 6 7 8 9 10 11 | 11.8
Shields        | 4 5 6 7 8 9 10 11 | 11.9
Evocations     | 1 4 6 8 9 10 11 | 11.9
Invocations    | 4 6 7 9 10 11 | 11.7

Action                   |  1- 3 |  4- 6 |  7- 9 | 10-12 | 13-15 || total
-------------------------+-------+-------+-------+-------+-------++-------
Melee: War axe           |   112 |   192 |   391 |   705 |   846 ||  2246
Invok: Lesser Servant of |       |       |       |     4 |     3 ||     7
 Abil: Heal Wounds       |     4 |     4 |    12 |    24 |     7 ||    51
Evoke: Wand              |       |       |       |     7 |     3 ||    10
  Use: Scroll            |       |     3 |    11 |     9 |     7 ||    30
       Potion            |       |       |     1 |     6 |     1 ||     8
 Stab: Distracted        |       |       |       |     1 |       ||     1
Armor: Scale mail        |    61 |    85 |    16 |       |       ||   162
       Chain mail        |       |       |   136 |       |       ||   136
       Plate armour      |       |       |    15 |   413 |   406 ||   834
Dodge: Dodged            |    49 |    60 |   138 |   195 |   183 ||   625
Block: Kite shield       |    65 |   131 |   253 |   574 |   517 ||  1540
